Map: Ascension to Aiur LE

Players

Elazer - Winner!

  • Race: Zerg Zerg
  • League: Master
  • Spawn Location: 5:00

Namshar

  • Race: Zerg Zerg
  • League: Grandmaster
  • Spawn Location: 11:00

Event: HomeStory Cup XVI

VOD

Have the link to the VOD?

Description

Time

  • Played on: Nov. 11, 2017, 6:50 a.m.
  • Length: 11:07

All games in this series

Show
View Real Time Build Order
Export as new Build Order

Elazer Zerg - Winner!

Build Orders: Hatch First 

Get SALT Encoding   

  12  0:00  Drone  
  13  0:12  Overlord  
  13  0:16  Drone  
  14  0:30  Drone x2  
  14  0:34  Drone  
  17  0:51  Hatchery  
  17  0:54  Drone  
  17  0:57  Drone  
  18  1:08  Extractor  
  17  1:12  Spawning Pool  
  17  1:15  Drone  
  17  1:18  Drone  
  18  1:28  Drone  
  19  1:39  Overlord  
  19  1:49  Drone  
  20  1:58  Queen  
  20  2:00  Zergling x2  
  23  2:03  Queen, Zergling x2  
  23  2:07  Metabolic Boost  
  26  2:11  Drone  
  26  2:14  Drone  
  28  2:22  Drone  
  29  2:25  Drone  
  30  2:32  Drone  
  31  2:39  Hatchery  
  31  2:42  Drone  
  31  2:48  Baneling Nest  
  30  2:51  Overlord  
  30  2:55  Zergling x2  
  30  2:56  Drone  
  32  2:59  Drone  
  33  3:08  Drone  
  33  3:09  Drone  
  33  3:12  Zergling x2  
  36  3:18  Drone x2  
  38  3:20  Overlord  
  38  3:23  Drone  
  39  3:30  Drone  
  39  3:32  Baneling x2  
  39  3:33  Drone  
  41  3:39  Drone  
  41  3:40  Drone x2  
  44  3:42  Extractor, Drone  
  44  3:43  Drone  
  44  3:44  Roach Warren  
  45  3:48  Drone  
  45  3:49  Drone  
  45  3:50  Drone  
  45  3:53  Overlord  
  45  3:55  Drone  
  48  4:00  Queen  
  48  4:02  Drone  
  51  4:04  Drone  
  51  4:10  Baneling  
  51  4:14  Zergling x6  
  51  4:15  Overlord  
  54  4:19  Extractor, Evolution Chamber  
  54  4:21  Overlord  
  52  4:27  Roach x3  
  52  4:29  Roach  
  62  4:31  Roach  
  62  4:34  Roach  
  62  4:36  Roach  
  68  4:38  Roach  
  68  4:41  Overlord  
  68  4:45  Zerg Missile Weapons Level 1  
  68  4:46  Drone  
  68  4:47  Drone  
  68  4:49  Drone  
  72  4:52  Drone  
  72  4:53  Drone  
  72  4:54  Drone  
  72  4:56  Drone  
  72  4:59  Drone x2  
  77  5:01  Drone  
  77  5:05  Overlord  
  77  5:06  Drone  
  79  5:08  Drone  
  79  5:12  Lair  
  79  5:15  Baneling x2  
  79  5:16  Drone  
  79  5:17  Drone  
  79  5:19  Overlord  
  81  5:28  Drone x2  
  81  5:29  Drone x2  
  81  5:30  Drone  
  81  5:32  Overlord  
  83  5:35  Extractor  
  83  5:37  Overlord  
  83  5:39  Drone x2  
  83  5:40  Drone  
  83  5:42  Drone x2  
  86  5:52  Roach  
  86  5:53  Roach x6  
  94  5:57  Roach  
  89  6:06  Roach  
  89  6:07  Roach x7  
  89  6:10  Glial Reconstitution  
  105  6:11  Roach  
  105  6:15  Roach  
  105  6:17  Overlord  
  109  6:23  Roach  
  109  6:25  Roach  
  113  6:30  Roach  
  115  6:34  Roach x3  
  115  6:37  Roach  
  115  6:38  Roach x5  
  127  6:42  Roach x2  
  127  6:52  Extractor  
  127  6:53  Overlord  
  126  6:54  Zerg Missile Weapons Level 2  
  126  6:55  Drone x3  
  126  7:00  Overlord  
  129  7:05  Pneumatized Carapace, Hatchery  
  129  7:06  Overlord  
  128  7:08  Drone x2  
  128  7:11  Overlord  
  128  7:12  Overseer  
  130  7:17  Overlord  
  130  7:19  Drone x2  
  130  7:20  Drone x4  
  136  7:28  Overlord  
  136  7:37  Roach  
  136  7:38  Roach x7  
  134  7:45  Roach  
  134  7:50  Roach x2  
  134  7:51  Roach  
  124  7:59  Roach  
  124  8:00  Roach x4  
  120  8:13  Roach  
  120  8:14  Roach x2  
  126  8:21  Roach x8  
  126  8:25  Overlord  
  142  8:27  Extractor, Hydralisk Den  
  142  8:31  Roach x6  
  152  8:36  Roach  
  154  8:42  Roach x3  
  156  8:49  Roach x6  
  164  8:59  Roach  
  164  9:00  Roach x6  
  170  9:07  Roach x4  
  172  9:15  Roach x7  
  180  9:26  Roach  
  180  9:27  Roach x3  
  188  9:33  Roach x2  
  192  9:40  Overlord, Hatchery  
  192  9:44  Tunneling Claws  
  187  9:45  Burrow  
  187  9:49  Overlord  
  185  9:56  Roach  
  185  9:57  Roach x9  
  181  10:06  Roach x3  
  167  10:11  Roach x2  
  163  10:19  Roach x5  
  173  10:26  Roach x9  
  189  10:34  Roach x2  
  183  10:40  Roach  
  183  10:41  Roach x3  
  177  10:44  Roach x3  
  177  10:48  Roach x12  
Show
View Real Time Build Order
Export as new Build Order

Namshar Zerg 

Build Orders: Hatch First 

Get SALT Encoding   

  12  0:00  Drone  
  13  0:12  Overlord  
  13  0:16  Drone  
  14  0:31  Drone x2  
  14  0:34  Drone  
  17  0:50  Hatchery  
  17  0:54  Drone  
  17  0:57  Drone  
  18  1:08  Extractor  
  17  1:12  Spawning Pool  
  17  1:14  Drone  
  17  1:18  Drone  
  18  1:28  Drone  
  19  1:39  Overlord  
  19  1:49  Drone  
  20  1:58  Queen  
  20  2:00  Zergling x2  
  23  2:02  Queen, Drone  
  23  2:08  Metabolic Boost  
  26  2:12  Drone  
  26  2:15  Spine Crawler  
  26  2:17  Zergling x2  
  26  2:22  Drone  
  28  2:25  Drone  
  30  2:31  Baneling Nest  
  30  2:33  Drone  
  30  2:36  Drone  
  31  2:44  Drone  
  32  2:49  Hatchery  
  31  2:54  Overlord  
  31  2:59  Drone x2  
  33  3:07  Drone x2  
  33  3:10  Overlord  
  35  3:14  Drone x3  
  35  3:18  Drone  
  35  3:19  Drone  
  40  3:30  Queen  
  40  3:31  Zergling x2  
  40  3:32  Zergling x4  
  45  3:34  Baneling  
  45  3:35  Baneling  
  45  3:41  Drone  
  46  3:47  Zergling x2  
  46  3:48  Zergling x2  
  48  3:49  Overlord  
  48  3:52  Overlord  
  48  3:53  Drone x3  
  51  4:01  Drone  
  52  4:05  Overlord x2  
  52  4:11  Extractor  
  52  4:14  Evolution Chamber  
  52  4:15  Roach Warren  
  49  4:17  Drone x2  
  49  4:18  Drone x2  
  49  4:24  Drone x2  
  55  4:26  Drone x3  
  58  4:34  Baneling  
  58  4:35  Baneling x3  
  58  4:36  Overlord  
  58  4:38  Drone x3  
  61  4:46  Drone  
  61  4:47  Drone x2  
  61  4:52  Zergling x4  
  65  4:53  Drone x3  
  65  4:54  Drone x4  
  70  5:02  Spine Crawler  
  70  5:04  Roach x2, Spine Crawler  
  70  5:05  Spine Crawler  
  68  5:08  Roach x2  
  68  5:11  Roach x2  
  76  5:20  Roach  
  76  5:21  Roach  
  79  5:25  Roach  
  79  5:26  Roach x4  
  87  5:36  Roach x5  
  87  5:40  Spine Crawler  
  96  5:48  Roach x2  
  93  5:57  Drone x5  
  93  6:02  Zerg Missile Weapons Level 1  
  97  6:05  Extractor x2  
  97  6:06  Overlord  
  97  6:09  Drone x3  
  98  6:13  Hatchery  
  98  6:16  Drone  
  98  6:20  Extractor  
  98  6:21  Overlord x2  
  98  6:22  Lair  
  98  6:24  Drone  
  98  6:26  Drone x3  
  98  6:27  Drone x2  
  98  6:31  Queen  
  97  6:45  Drone  
  97  6:46  Drone  
  95  6:48  Overlord  
  95  6:49  Drone  
  95  6:50  Extractor  
  95  6:51  Drone x3  
  95  6:52  Roach  
  95  6:53  Roach x3  
  104  6:57  Roach  
  104  7:00  Roach x2  
  110  7:04  Overlord x2  
  110  7:06  Roach x2  
  114  7:15  Roach x4  
  122  7:17  Roach  
  122  7:18  Roach  
  122  7:20  Glial Reconstitution  
  126  7:25  Evolution Chamber  
  126  7:26  Roach x3  
  131  7:30  Roach x4  
  129  7:38  Roach x5  
  129  7:40  Roach  
  125  7:47  Roach x5  
  121  7:51  Queen x3  
  121  7:53  Roach x2  
  121  7:54  Roach  
  121  7:59  Roach x3  
  121  8:03  Roach x3  
  125  8:05  Roach  
  125  8:06  Roach x2  
  125  8:10  Roach x2  
  127  8:13  Roach  
  127  8:15  Zerg Missile Weapons Level 2  
  129  8:26  Zerg Ground Armor Level 1  
  129  8:29  Roach x5  
  129  8:30  Roach  
  141  8:39  Queen  
  141  8:45  Roach x5  
  143  8:57  Roach x5  
  151  9:09  Overlord x3  
  151  9:10  Overlord x2  
  147  9:25  Roach x3  
  147  9:30  Roach x14  
  171  9:32  Roach  
  171  9:36  Queen  
  173  9:41  Roach  
  173  9:42  Roach x2  
  173  9:45  Roach x3  
  171  9:57  Roach  
  171  9:58  Roach x6  
  142  10:10  Drone  
  142  10:11  Drone  
  126  10:22  Roach x6  
  126  10:23  Roach x2  
  126  10:27  Roach  
  126  10:28  Roach x2  
  146  10:33  Roach x4  
  140  10:40  Roach x3  
  124  10:46  Roach x4  
Tags
 
Add a new tag
Caveats
  • Supply blocks, unpowered buildings, or Contaminate may cause inaccurate times.
  • Supply counts are checked every 10 seconds.